[Event "*** SCC Grand Prix: Titled Tuesday Blitz"]
[Site "Chess.com"]
[Date "2020.06.23"]
[Round "10"]
[White "esrosenberg"]
[Black "ShahMatKanal"]
[Result "0-1"]
[WhiteElo "2148"]
[BlackElo "2399"]
[TimeControl "180+1"]
[EndTime "11:57:55 PDT"]
[Termination "ShahMatKanal won on time"]

1. Nf3 d5 2. c4 c6 3. d4 Nf6 4. Nc3 a6 5. e3 b5 6. b3 g6 7. Bd2 Bg7 8. Bd3 O-O 9. h3 Ra7 10. Rc1 Nbd7 11. cxd5 cxd5 12. O-O Rc7 13. Qe2 Bb7 14.
Rc2 Nb6 15. Rfc1 b4 16. Nd1 Rxc2 17. Rxc2 a5 18. Ne5 Qd6 19. f4 Ne4 20. Nf2 f6 21. Nf3 Nxd2 22. Qxd2 Rc8 23. Rxc8+ Bxc8 24. Qc2 Bd7 25.
g3 e6 26. e4 dxe4 27. Nxe4 Qd5 28. Qc5 Qxc5 29. Nxc5 Bc8 30. Bc4 Nxc4 31. bxc4 Bf8 32. Nb3 a4 33. Nbd2 b3 34. axb3 a3 35.
Ne1 Bb4 36. Nc2 Bxd2 37. Nxa3 Be3+ 38. Kg2 Bxd4 39. Nb5 Bb7+ 40. Kh2 Bc5 41. g4 Bf2 42. f5 gxf5 43. gxf5 exf5 44. Nc3 Kf7 45. Nb5 Kg6 46. Nd6 Ba6 47. b4 Bd4 48. b5 Be5+ 49. Kg2 Bxd6 50. bxa6 Bc5 51. Kf3 Kg5 52. h4+ Kxh4 53. Kf4 h5 54. Kxf5 Kg3 55. Kxf6 h4 56. Ke5 h3 57. Kd5 Ba7 58. c5 h2 59. c6 h1=Q+ 60. Kd6 Qh6+ 61. Kc7 Qg7+ 62. Kc8 Bb6 0-1

[Event "*** SCC Grand Prix: Titled Tuesday Blitz"]
[Site "Chess.com"]
[Date "2020.06.23"]
[Round "10"]
[White "WIDBIFS"]
[Black "deribas12345"]
[Result "1-0"]
[WhiteElo "2717"]
[BlackElo "2576"]
[TimeControl "180+1"]
[EndTime "11:57:56 PDT"]
[Termination "WIDBIFS won by resignation"]

1. d4 Nf6 2. Nf3 d6 3. Bf4 Bf5 4. e3 Nbd7 5. Nbd2 h6 6. h3 c6 7.
c4 g5 8. Bh2 Qb6 9. Qb3 Qxb3 10. axb3 Bg7 11. Be2 O-O 12. O-O a6 13. b4 c5 14. bxc5 dxc5 15. d5 Ne4 16. Nxe4 Bxe4 17. Nd2 Bg6 18. Ra2 Be5 19. b3 Bxh2+ 20. Kxh2 Rfd8 21. f4 f6 22. Bg4 Kg7 23. Be6 Nf8 24. f5 Nxe6 25. fxe6 a5 26. Rc1 b6 27. Kg3 f5 28. Rf1 Rf8 29. Nf3 Kf6 30. Kf2 Bh5 31. Nd2 Ke5 32. g3 Kd6 33. Nb1 Bg6 34. Nc3 Be8 35. Ke2 Ke5 36. Kd3 Rb8 37. Raf2 Bg6 38.
Kd2 Rbd8 39. Na4 Rd6 40. Nc3 Rfd8 41. Kc1 Rf8 42. Kb2 Rdd8 43. Ka3 Be8 44. g4 f4 45.
exf4+ Rxf4 46. Rxf4 gxf4 47. Ne2 b5 48. Nxf4 bxc4 49.
bxc4 Kd4 50. Rc1 Rb8 51. h4 a4 52. g5 hxg5 53. hxg5 Rb3+ 54. Ka2 Rg3 55. Ne2+ Kd3 56. Nxg3 1-0

[Event "*** SCC Grand Prix: Titled Tuesday Blitz"]
[Site "Chess.com"]
[Date "2020.06.23"]
[Round "10"]
[White "dodorox"]
[Black "queen_iryna"]
[Result "0-1"]
[WhiteElo "2043"]
[BlackElo "2222"]
[TimeControl "180+1"]
[EndTime "11:57:59 PDT"]
[Termination "queen_iryna won on time"]

1. d4 d6 2. c4 e5 3. Nf3 e4 4. Ng5 f5 5. g3 Be7 6. Nh3 Nf6 7.
Bg2 O-O 8. O-O c6 9. Nc3 Na6 10. a3 Nc7 11. f3 exf3 12. exf3 Be6 13. Qd3 h6 14. Bd2 Qd7 15. Rae1 Bf7 16. Re2 Rae8 17. Rfe1 Bd8 18. Rxe8 Rxe8 19. Rxe8+ Qxe8 20. Bf1 Qd7 21. Qe3 Nh7 22. Bd3 Ng5 23. Nxg5 Bxg5 24. f4 Bf6 25.
Ne2 c5 26. Bc3 Ne6 27. Bxf5 Qe8 28. Bxe6 Qxe6 29. Qxe6 Bxe6 30. d5 Bf5 31. Bxf6 gxf6 32. Kf2 Kf7 33. Ke3 Ke7 34. Nc3 a6 35. Na4 Bh3 36. Nc3 Bf1 37. b3 Bh3 38. Ne4 Bf5 39. Nd2 Bc2 40. b4 b6 41. bxc5 dxc5 42. Nf3 b5 43. Nd2 b4 44. axb4 cxb4 45. Kd4 Bd1 46. c5 Kd7 47. Kc4 a5 48. c6+ Kc7 49. Kc5 b3 50.
d6+ Kc8 51. Kb6 b2 52. d7+ Kd8 53. Kb7 Bf3 54. Kb6 a4 0-1

[Event "*** SCC Grand Prix: Titled Tuesday Blitz"]
[Site "Chess.com"]
[Date "2020.06.23"]
[Round "10"]
[White "GM_LOADING"]
[Black "LedakovAlexandr"]
[Result "1-0"]
[WhiteElo "2582"]
[BlackElo "2463"]
[TimeControl "180+1"]
[EndTime "11:58:00 PDT"]
[Termination "GM_LOADING won by resignation"]

1. e4 Nc6 2. Nf3 d6 3. d4 g6 4. Nc3 Bg7 5. h3 Nf6 6. Be3 O-O 7. Bc4 a6 8. a4 Nd7 9. O-O e5 10. Bg5 Bf6 11. Bxf6 Nxf6 12. Re1 Kg7 13. Qd2 Bd7 14. Rad1 h6 15. Nd5 Nxd5 16. exd5 Nxd4 17. Nxd4 exd4 18. Qxd4+ Qf6 19. Re7 Qxd4 20. Rxd4 Rad8 21. a5 Rfe8 22. Re3 Rxe3 23. fxe3 Re8 24. Kf2 Re7 25. Bd3 Bc8 26. Be4 f5 27. Bf3 Kf6 28. Ke2 g5 29. Kd3 Ke5 30.
h4 Kf6 31. Rb4 Ke5 32. Ra4 g4 33. Be2 Kxd5 34. g3 Ke5 35. Bf1 Bd7 36. Rb4 c5 37.
Rb6 Bb5+ 38. c4 Bc6 39. Be2 Ke6 40. Bd1 Kd7 41. Kd2 Re4 42. Bc2 Rxc4 43. Bxf5+ Kc7 44.
b3 Rb4 45. Rxb4 cxb4 46. Bxg4 Bd5 47. Kc2 Kc6 48. Be2 Kc5 49. g4 Be4+ 50. Bd3 d5 51.
Kd2 b6 52. axb6 Kxb6 53. Bxe4 dxe4 54. g5 a5 55. gxh6 1-0

[Event "*** SCC Grand Prix: Titled Tuesday Blitz"]
[Site "Chess.com"]
[Date "2020.06.23"]
[Round "10"]
[White "Paladin61"]
[Black "Godzillator"]
[Result "1-0"]
[WhiteElo "2546"]
[BlackElo "2404"]
[TimeControl "180+1"]
[EndTime "11:58:01 PDT"]
[Termination "Paladin61 won by resignation"]

1. b3 d5 2. Bb2 Nf6 3. Nf3 c6 4.
g3 Bg4 5. Bg2 Nbd7 6. O-O e6 7.
d3 Bc5 8. Nbd2 O-O 9. h3 Bh5 10. a3 Qc7 11. b4 Bb6 12. c4 a5 13. Nb3 a4 14. Nbd2 Ba7 15. Kh1 Bb8 16. Rc1 Qd6 17.
e4 dxe4 18. dxe4 Qe7 19. Qe1 Rd8 20. e5 Ne8 21. Qe3 h6 22. c5 Nc7 23. Nc4 Nd5 24. Qe4 Bg6 25. Qe2 b5 26. Nd6 Bc7 27. Nd4 Nb8 28. f4 Qd7 29. g4 Bh7 30. f5 Rf8 31. Rf2 Na6 32. Rcf1 Naxb4 33. axb4 a3 34. Ba1 Nxb4 35.
fxe6 fxe6 36. Rxf8+ Rxf8 37. Rxf8+ Kxf8 38. Qf3+ Kg8 39. Qxa3 Nd3 40. Qa8+ Qd8 41. Qxd8+ Bxd8 42. Nxe6 Bh4 43. Bxc6 Nxe5 44. Bxb5 Nd3 45. c6 Nf2+ 46. Kg2 Ne4 47. Nxe4 Bxe4+ 48. Kg1 Bd5 49. Nxg7 Bg5 50. Nf5 Kf7 51. c7 Bb7 52. Nd6+ Ke6 53. Nxb7 Be3+ 54. Kg2 1-0

[Event "*** SCC Grand Prix: Titled Tuesday Blitz"]
[Site "Chess.com"]
[Date "2020.06.23"]
[Round "10"]
[White "Enki007"]
[Black "kirillshevchenko"]
[Result "1-0"]
[WhiteElo "2765"]
[BlackElo "2910"]
[TimeControl "180+1"]
[EndTime "11:58:02 PDT"]
[Termination "Enki007 won by resignation"]

1. d4 d6 2. Nf3 Nf6 3. Nbd2 d5 4. c4 c6 5. g3 g6 6. Bg2 Bg7 7. O-O O-O 8. b3 Bf5 9. Bb2 a5 10. a3 Na6 11. e3 Ne4 12. Rc1 Qb6 13.
Nxe4 Bxe4 14. Nd2 Bxg2 15. Kxg2 Rac8 16. Qe2 Rfd8 17. Rc2 c5 18. cxd5 cxd4 19. Rxc8 Rxc8 20. exd4 Rc2 21. Rc1 Rxc1 22. Bxc1 Qxd4 23. Qc4 Nc5 24.
Nf3 Qxc4 25. bxc4 Nd3 26. Be3 Kf8 27. Kf1 a4 28. Ke2 Nb2 29. c5 Nc4 30. Bc1 Ke8 31. Kd3 Na5 32. Bd2 Nb3 33. Bb4 Kd7 34. Kc4 e5 35. Kb5 e4 36. Ng5 f5 37. Kxa4 Nc1 38. Kb5 Nd3 39. c6+ bxc6+ 40. dxc6+ Kc8 41. Ne6 Be5 42. Bc5 h6 43. h4 g5 44. hxg5 hxg5 45.
Nxg5 f4 46. gxf4 Bxf4 47. Nxe4 Bc1 48. a4 Kc7 49. Bb6+ Kc8 50. a5 Ba3 51. a6 1-0

[Event "*** SCC Grand Prix: Titled Tuesday Blitz"]
[Site "Chess.com"]
[Date "2020.06.23"]
[Round "10"]
[White "MaxVavulin"]
[Black "SiddharthGMJagadeesh"]
[Result "0-1"]
[WhiteElo "2542"]
[BlackElo "2458"]
[TimeControl "180+1"]
[EndTime "11:58:03 PDT"]
[Termination "SiddharthGMJagadeesh won on time"]

1. e4 c6 2. d4 d5 3. Nc3 dxe4 4. Nxe4 Nf6 5. Nxf6+ exf6 6. c3 Bd6 7. Bd3 O-O 8. Qc2 Re8+ 9. Ne2 h5 10. Be3 Nd7 11. O-O-O Nf8 12. c4 Be6 13. Kb1 Rc8 14. Nc3 Ng6 15.
Rhe1 b5 16. cxb5 Ne7 17. bxc6 Nd5 18. Bb5 Qa5 19. Bf1 Bf5 20. Bd3 Nb4 21. Bxf5 Nxc2 22. Bxc2 Rxc6 23. Ba4 Rb8 24. Bb3 Rxc3 25. bxc3 Qxc3 26.
Rd2 Ba3 27. Red1 Rxb3+ 28. axb3 Qxb3+ 29. Ka1 Bb4 30. Rc1 Bxd2 31. Bxd2 Qa4+ 32. Kb2 Qxd4+ 33. Bc3 Qxf2+ 34. Rc2 Qb6+ 35. Kc1 Qg1+ 36. Kb2 Qxh2 37.
Rd2 Qb8+ 38. Kc2 h4 39. Rd4 Qg3 40. Rd8+ Kh7 41. Rd2 f5 42. Kb2 f4 43. Kb3 f3 44.
gxf3 Qxf3 45. Rh2 h3 46. Rd2 Qg3 47. Rd5 h2 48. Rh5+ Kg8 49. Kb2 Qg2+ 50. Kb3 h1=Q 51. Rxh1 Qxh1 52. Kc4 Qc6+ 53. Kd3 g5 54. Bd2 g4 55. Be3 g3 56. Bxa7 g2 57. Be3 Qf3 58. Kd4 f5 0-1

[Event "*** SCC Grand Prix: Titled Tuesday Blitz"]
[Site "Chess.com"]
[Date "2020.06.23"]
[Round "10"]
[White "Resignify"]
[Black "PattyCastillo"]
[Result "1-0"]
[WhiteElo "2128"]
[BlackElo "1923"]
[TimeControl "180+1"]
[EndTime "11:58:03 PDT"]
[Termination "Resignify won on time"]

1. Nf3 d5 2. g3 Nf6 3. Bg2 c6 4. d3 e6 5. O-O Nbd7 6. Nbd2 Be7 7. b3 O-O 8. Bb2 b6 9. c4 Bb7 10. Rc1 Rc8 11. Re1 Re8 12. Rc2 c5 13. e3 Qc7 14.
Qa1 Qb8 15. Ne5 Bf8 16. h3 Qa8 17.
Nxd7 Nxd7 18. Kh2 f6 19. d4 Re7 20. Rcc1 Rce8 21. cxd5 Bxd5 22. Bxd5 exd5 23. Nf3 Qb7 24. Qb1 Re4 25. Nd2 R4e6 26. Nf3 Re4 27. Qc2 Bd6 28. Red1 Qb8 29. Kg2 Qb7 30. Nd2 R4e6 31. Qf5 g6 32. Qf3 Qa8 33. Nb1 f5 34. Nc3 Nf6 35.
Nb5 Bb8 36. dxc5 bxc5 37. Bxf6 Rxf6 38. Qxd5+ Qxd5+ 39. Rxd5 Rfe6 40. Rdxc5 a6 41. Nc3 Be5 42. Ne2 Bb2 43. R1c2 Ba3 44. Rc8 Kf7 45. Nd4 R6e7 46. R8c7 a5 47. Rxe7+ Rxe7 48. Rc4 Rd7 49. Kf3 h6 50. Ke2 Kf6 51. Rc6+ 1-0

[Event "*** SCC Grand Prix: Titled Tuesday Blitz"]
[Site "Chess.com"]
[Date "2020.06.23"]
[Round "10"]
[White "pavlitas17"]
[Black "Vandros57"]
[Result "1-0"]
[WhiteElo "2323"]
[BlackElo "2162"]
[TimeControl "180+1"]
[EndTime "11:58:04 PDT"]
[Termination "pavlitas17 won on time"]

1. d4 d5 2. Nf3 Nf6 3. e3 e6 4. Bd3 b6 5. O-O Bb7 6. Nbd2 Nbd7 7. b3 Bd6 8. Bb2 Qe7 9. Ne5 Ba3 10. Bxa3 Qxa3 11. Rb1 Qd6 12. Ndf3 Ne4 13. Bxe4 dxe4 14. Nc4 Qe7 15. Nfd2 O-O 16. Re1 c5 17. dxc5 Nxc5 18. Qc1 Qc7 19. Qa3 a5 20. Qb2 Rfd8 21. a4 f6 22. Rbd1 Ba6 23. Na3 h6 24. Ndc4 Bxc4 25.
Nxc4 Rxd1 26. Rxd1 Rd8 27. Rxd8+ Qxd8 28. Qd4 Qc7 29.
Qd6 Qxd6 30. Nxd6 f5 31. Nc8 Nd7 32. Kf1 Kf7 33. Ke2 Kf6 34. Kd2 Ke5 35. c4 g5 36.
Kc3 f4 37. b4 h5 38. bxa5 bxa5 39. Ne7 Nc5 40. Nc6+ Kd6 41. Nxa5 Nxa4+ 42. Kb4 Nc5 43.
Kb5 Nd3 44. Nb7+ Kc7 45. Nc5 fxe3 46. fxe3 Ne1 47. Nxe6+ Kd6 48. Nxg5 Ke5 49. c5 Nxg2 50. c6 Kd6 51. Nxe4+ Kc7 52. Nf6 Nxe3 53. Kc5 Nf5 54. Nd5+ 1-0

[Event "*** SCC Grand Prix: Titled Tuesday Blitz"]
[Site "Chess.com"]
[Date "2020.06.23"]
[Round "10"]
[White "XiaoKangZhong"]
[Black "floplover"]
[Result "1-0"]
[WhiteElo "2409"]
[BlackElo "2234"]
[TimeControl "180+1"]
[EndTime "11:58:06 PDT"]
[Termination "XiaoKangZhong won on time"]

1. e4 c6 2. d4 d5 3. e5 Bf5 4. h4 h5 5. Nf3 e6 6. Bd3 Bxd3 7. Qxd3 Qb6 8. O-O Ne7 9. c4 Nf5 10. Nc3 Na6 11. cxd5 Nb4 12. Qe2 cxd5 13. Be3 Be7 14. g3 Rc8 15. Rac1 O-O 16. a3 Nc6 17. Na4 Qb3 18. Nc5 Bxc5 19. Rxc5 b6 20. Rc3 Qa4 21. Qd3 Na5 22. Rfc1 Qd7 23. b3 Rfd8 24. Qa6 Rxc3 25. Rxc3 Nc6 26. b4 Rc8 27. b5 Nce7 28. Rxc8+ Nxc8 29. Kg2 Qc7 30. a4 Nxe3+ 31. fxe3 Kf8 32. Ng5 Ke7 33.
Kf3 f6 34. exf6+ gxf6 35. Nh3 Kd7 36. Nf4 Nd6 37. Nxh5 Ne4 38. Nf4 Nd2+ 39. Kg4 Nc4 40. h5 Na5 41. h6 Kd6 42. Kf3 e5 43. dxe5+ fxe5 44. Ne2 e4+ 45. Kf2 Nc4 46. g4 Qf7+ 47.
Nf4 Qc7 48. g5 Ke5 49. g6 d4 50. h7 dxe3+ 51. Ke2 Qg7 52. Qc8 Kxf4 53. h8=Q Qxg6 54. Qcf8+ Kg5 55. Qhg7 1-0

[Event "*** SCC Grand Prix: Titled Tuesday Blitz"]
[Site "Chess.com"]
[Date "2020.06.23"]
[Round "10"]
[White "tamarozi99"]
[Black "VladimirBugayev"]
[Result "1-0"]
[WhiteElo "2096"]
[BlackElo "2260"]
[TimeControl "180+1"]
[EndTime "11:58:08 PDT"]
[Termination "tamarozi99 won on time"]

1. e4 c6 2. d4 d5 3. e5 Bf5 4. h4 h6 5. g4 Be4 6. f3 Bh7 7. e6 Qd6 8. exf7+ Kxf7 9. Bd3 Bxd3 10. Qxd3 e5 11. Be3 Nd7 12. Nd2 Re8 13. O-O-O Ke7 14.
Qb3 b6 15. dxe5 Nxe5 16. Bf4 Nd3+ 17. Qxd3 Qxf4 18. Nh3 Qa4 19. Rhe1+ Kd8 20. Rxe8+ Kxe8 21. Qg6+ Kd8 22. Kb1 Nf6 23. Nf4 Qxf4 24. g5 hxg5 25. hxg5 Nd7 26. Qxc6 Rh2 27. Qxd5 Qd6 28. Qa8+ Nb8 29.
Kc1 Kc8 30. Qxa7 Be7 31. f4 Qc5 32. Qa4 Bd6 33. Qe8+ Kc7 34. Qf7+ Nd7 35. Kb1 Qd4 36.
Qc4+ Qxc4 37. Nxc4 Bxf4 38. Rf1 Bxg5 39. b3 Bf6 40. a4 Ne5 41. Ne3 Re2 42. Nd5+ Kb7 43. Nxf6 gxf6 44. Rxf6 Nc6 45. Rh6 Nd4 46. Rh7+ Ka6 47.
Rc7 Ne6 48. Rc8 Kb7 49. Re8 Nd4 50. Rxe2 Nxe2 51. Kb2 Nd4 52. c3 Nc6 53. b4 Ne5 54. Kb3 Kc6 55. c4 Nd7 56. a5 1-0

[Event "*** SCC Grand Prix: Titled Tuesday Blitz"]
[Site "Chess.com"]
[Date "2020.06.23"]
[Round "10"]
[White "temus_galaktionov"]
[Black "Zq1"]
[Result "0-1"]
[WhiteElo "2679"]
[BlackElo "2531"]
[TimeControl "180+1"]
[EndTime "11:58:09 PDT"]
[Termination "Zq1 won by resignation"]

1. d4 Nf6 2. Nf3 e6 3. c4 a6 4.
Nc3 c5 5. d5 b5 6. Bg5 b4 7.
Ne4 Be7 8. d6 Nxe4 9. Bxe7 Qa5 10. Nd2 b3 11. axb3 Qxd2+ 12. Qxd2 Nxd2 13. Kxd2 f6 14. Ra5 Nc6 15. Rxc5 a5 16. g3 Nxe7 17. dxe7 Bb7 18.
Rg1 Kxe7 19. Bg2 Bxg2 20. Rxg2 Rhb8 21. Kc2 g6 22. Rg1 Kd6 23. Rb5 Rxb5 24. cxb5 Kc5 25.
Rd1 d5 26. e4 Rd8 27. exd5 Rxd5 28. Re1 e5 29. f4 exf4 30. gxf4 Kxb5 31. h3 Rh5 32. Re6 f5 33. Re3 Rh4 34. Rf3 Kb4 35. Kd2 h6 36. Ke2 Rh5 37. Kf2 g5 38. fxg5 Rxg5 39.
Rd3 f4 40. Rd6 Rh5 41. Rb6+ Kc5 42. Rf6 Rxh3 43. Rxf4 Rxb3 44. Rf5+ Kb4 45. Rf6 Rxb2+ 46. Ke3 Rh2 47. Kd3 a4 48. Rb6+ Ka3 49. Kc3 Ka2 50. Rb8 a3 51. Rb7 h5 52. Rb8 h4 53. Rb7 h3 54.
Rh7 Rb2 55. Kc4 h2 56. Rh3 Rc2+ 57. Kd3 Kb2 58. Rh7 a2 59. Rb7+ Kc1 0-1

[Event "*** SCC Grand Prix: Titled Tuesday Blitz"]
[Site "Chess.com"]
[Date "2020.06.23"]
[Round "10"]
[White "kidagent"]
[Black "LuckSlayeer"]
[Result "0-1"]
[WhiteElo "2217"]
[BlackElo "2433"]
[TimeControl "180+1"]
[EndTime "11:58:09 PDT"]
[Termination "LuckSlayeer won by resignation"]

1. e4 c5 2. Nf3 Nc6 3. d4 cxd4 4. Nxd4 e5 5. Nb5 d6 6. N1c3 a6 7. Na3 b5 8. Nd5 Nce7 9. c4 Nxd5 10. exd5 bxc4 11.
Nxc4 Nf6 12. Be3 Rb8 13. g3 Be7 14. Bg2 O-O 15. O-O Ng4 16. b3 f5 17. h3 Nxe3 18. Nxe3 f4 19. Nc4 Qe8 20. g4 Qg6 21. Qf3 h5 22. gxh5 Qg5 23. Nd2 Bf5 24. Rae1 Rb4 25.
Kh2 Bd8 26. Rg1 Qh4 27. Bf1 Bb6 28. Rg2 Rd4 29. Ne4 Bxe4 30. Rxe4 Rxe4 31. Qxe4 Bxf2 32. Qg6 Bg3+ 33. Kg1 Qf6 34. Bd3 Qxg6 35. hxg6 Rc8 36.
Rc2 Rxc2 37. Bxc2 Kf8 38. Bd3 a5 39. Kf1 Ke7 40. a3 Kf6 41. b4 axb4 42. axb4 Ke7 43.
b5 Kd7 44. b6 Kc8 45. Ba6+ Kb8 46. Ke2 e4 47. b7 f3+ 48. Kf1 e3 49. Bd3 e2+ 50.
Bxe2 fxe2+ 51. Kxe2 Kxb7 52. Kf3 Be5 53. Kg4 Kb6 54. h4 Kc5 55. h5 Kxd5 56. Kf5 Bb2 57. Kg5 Ke6 58. h6 gxh6+ 59. Kxh6 d5 60. Kh7 Bf6 61. g7 Bxg7 62. Kxg7 d4 0-1

[Event "*** SCC Grand Prix: Titled Tuesday Blitz"]
[Site "Chess.com"]
[Date "2020.06.23"]
[Round "10"]
[White "Man-Chuk"]
[Black "KaterynaLagno"]
[Result "1-0"]
[WhiteElo "2852"]
[BlackElo "2683"]
[TimeControl "180+1"]
[EndTime "11:58:10 PDT"]
[Termination "Man-Chuk won on time"]

1. e4 e5 2. Nf3 Nc6 3. Bc4 Bc5 4. d3 Nf6 5. Bg5 h6 6. Bh4 a6 7. a4 O-O 8. O-O g5 9. Bg3 d6 10. c3 Bg4 11. Nbd2 Qe7 12. b4 Bb6 13. a5 Ba7 14. Qb3 Nd8 15. d4 Nh5 16. Kh1 Nc6 17. b5 axb5 18.
Qxb5 exd4 19. Qxb7 dxc3 20. Qxc6 cxd2 21. Nxd2 Bd7 22.
Qd5 Nf6 23. Qd3 Ng4 24. Nf3 Be6 25. h3 Nf6 26. e5 dxe5 27. Nxe5 Rfd8 28. Nc6 Qc5 29.
Nxd8 Bxc4 30. Qc3 Ne4 31. Qf3 Nxg3+ 32. fxg3 Rxd8 33. Rac1 Qb5 34. Rfd1 Rxd1+ 35. Rxd1 Be6 36. Qf6 Bc5 37. Rd8+ Bf8 38. Qxh6 Qc5 39. a6 Qe7 40.
Rb8 Bd5 41. a7 f6 42. Qg6+ Kh8 43. Qh6+ Kg8 44. a8=Q Bxa8 45. Rxa8 Kf7 46. Qh7+ Ke6 47. Qe4+ Kf7 48. Qh7+ Ke6 49. Qg8+ Kf5 50. Rxf8 c5 51. Qd5+ 1-0

[Event "*** SCC Grand Prix: Titled Tuesday Blitz"]
[Site "Chess.com"]
[Date "2020.06.23"]
[Round "10"]
[White "sasko1234"]
[Black "Colombiano07"]
[Result "1-0"]
[WhiteElo "2415"]
[BlackElo "2239"]
[TimeControl "180+1"]
[EndTime "11:58:10 PDT"]
[Termination "sasko1234 won by checkmate"]

1. b3 d5 2. Bb2 c5 3. e3 Nc6 4. f4 Nf6 5. Nf3 Bg4 6. Bb5 Rc8 7. h3 Bxf3 8. Qxf3 e6 9. a3 Be7 10. O-O O-O 11. Be2 Ne4 12. d3 Bf6 13. c3 Nd6 14.
Nd2 d4 15. exd4 cxd4 16. c4 Nf5 17. Ne4 Be7 18. Bc1 Na5 19. b4 Nb3 20. Rb1 Nxc1 21. Rfxc1 Ne3 22. Nf2 Qd7 23. Ng4 Nxg4 24. hxg4 g5 25.
g3 Qc6 26. Qf2 Rfd8 27. Bf3 Qa6 28. Ra1 h6 29. Be4 Kg7 30. Kg2 Rf8 31. Rh1 Qb6 32.
Rh5 a5 33. b5 a4 34. Rah1 Rh8 35. Qf3 Rb8 36. Rf1 Qc7 37. b6 Qd7 38. c5 f5 39.
gxf5 exf5 40. fxg5 Rbf8 41. g6 fxe4 42. Qxe4 Rxf1 43.
Kxf1 Rf8+ 44. Kg2 Bg5 45. Rh1 Qe7 46. Qxe7+ Bxe7 47. Rc1 Kxg6 48. Rc4 Rc8 49. c6 Rxc6 50. Rxa4 Rc3 51. Rxd4 Rxa3 52. Rd7 Bc5 53. Rxb7 Rxd3 54. Kh3 Rb3 55. Rc7 Bxb6 56. Rc6+ Kg5 57. Rc8 Bf2 58.
Rg8+ Kh5 59. Rg7 Bd4 60. Rg8 Bf6 61. Rf8 Bg5 62. Rg8 Rb6 63. g4# 1-0

[Event "*** SCC Grand Prix: Titled Tuesday Blitz"]
[Site "Chess.com"]
[Date "2020.06.23"]
[Round "10"]
[White "IMHansNiemann"]
[Black "Shield12"]
[Result "1-0"]
[WhiteElo "2971"]
[BlackElo "2843"]
[TimeControl "180+1"]
[EndTime "11:58:11 PDT"]
[Termination "IMHansNiemann won by resignation"]

1. d4 d5 2. Nc3 Nf6 3. Bf4 e6 4. e3 Bb4 5. Ne2 O-O 6. a3 Be7 7. Ng1 c5 8. Nf3 Nc6 9. dxc5 Bxc5 10. Bb5 Bd7 11. O-O Rc8 12. Bd3 Qe7 13. e4 d4 14.
e5 dxc3 15. exf6 gxf6 16. b4 Bb6 17. Bd6 Qe8 18. Bxf8 Kxf8 19. Qe2 f5 20. Rad1 Qe7 21.
Ne5 Nxe5 22. Qxe5 Qg5 23. Be4 Bc7 24. Qh8+ Ke7 25. Qd4 Be8 26. Bxb7 Rd8 27. Qc5+ Bd6 28. Qxc3 Bb5 29. Rfe1 Bxh2+ 30. Kxh2 Rxd1 31. Qc5+ Kf6 32. Qc3+ Ke7 33. Rxd1 Qh5+ 34. Qh3 Qxd1 35. Qh4+ Kd7 36. c4 Qd6+ 37. g3 Bc6 38. Bxc6+ Qxc6 39. Qd4+ Ke8 40.
b5 Qc7 41. c5 Ke7 42. c6 e5 43. Qc5+ Ke6 44. a4 f6 45. a5 f4 46. b6 fxg3+ 47.
fxg3 axb6 48. axb6 Qg7 49. Kg2 Qg4 50. c7 Qe2+ 51.
Qf2 Qxf2+ 52. Kxf2 Kd7 53. g4 h6 54. Kf3 Kc6 55. Ke4 Kb7 56. Kd5 Kxb6 57. c8=Q 1-0

[Event "*** SCC Grand Prix: Titled Tuesday Blitz"]
[Site "Chess.com"]
[Date "2020.06.23"]
[Round "10"]
[White "yamalchess"]
[Black "LuisFSiles"]
[Result "1/2-1/2"]
[WhiteElo "2444"]
[BlackElo "2329"]
[TimeControl "180+1"]
[EndTime "11:58:13 PDT"]
[Termination "Game drawn - insufficient material"]

1. d4 Nf6 2. c4 g6 3. Nc3 Bg7 4. e4 d6 5. h3 O-O 6. Bg5 c5 7. d5 e6 8. Bd3 exd5 9. exd5 Re8+ 10. Nge2 h6 11. Bh4 Nbd7 12. f4 a6 13. a4 Nf8 14.
O-O Bf5 15. Bxf5 gxf5 16. Ng3 Ng6 17. Nxf5 Nxh4 18. Nxh4 Ne4 19. Nf5 Nxc3 20. bxc3 Qf6 21. Qg4 Kh7 22. Rf3 Rg8 23. Qh5 Bf8 24. Re1 b5 25. axb5 axb5 26. cxb5 Ra2 27. g4 Rb2 28.
Rfe3 Rxb5 29. Kg2 Rb2+ 30. Kg3 Rc2 31. Kf3 Rxc3 32. Rxc3 Qxc3+ 33. Re3 Qf6 34. Re8 Bg7 35.
Rxg8 Kxg8 36. Ke4 Qc3 37. g5 Qc2+ 38. Ke3 Qxf5 39. Qd1 hxg5 40. fxg5 Bd4+ 41. Kd2 Qxg5+ 42. Kd3 Qg3+ 43. Kc4 Qc3+ 44. Kb5 Qb2+ 45. Kc6 Bg7 46. Qg4 Qf6 47. Qc8+ Kh7 48. Qg4 c4 49. Qxc4 Qc3 50. Qxc3 Bxc3 51. Kxd6 f5 52. Kc5 f4 53. Kc4 f3 54. Kd3 Bd4 55. d6 Bb6 56. d7 f2 57.
Ke2 Kg6 58. d8=Q Bxd8 59. Kxf2 Kh5 60. Kg3 Bc7+ 61. Kg2 Kh4 62. Kh1 Kxh3 1/2-1/2

[Event "*** SCC Grand Prix: Titled Tuesday Blitz"]
[Site "Chess.com"]
[Date "2020.06.23"]
[Round "10"]
[White "Evgeny81"]
[Black "Indianlad"]
[Result "0-1"]
[WhiteElo "2798"]
[BlackElo "2954"]
[TimeControl "180+1"]
[EndTime "11:58:14 PDT"]
[Termination "Indianlad won by checkmate"]

1. e4 c5 2. d4 cxd4 3. c3 d3 4. Bxd3 Nc6 5. f4 e6 6. Nf3 Bc5 7. Qe2 Nf6 8. Be3 Qb6 9. Bxc5 Qxc5 10. Qf2 Qxf2+ 11. Kxf2 d5 12. e5 Nd7 13. Nbd2 O-O 14. Rhe1 f6 15. exf6 Rxf6 16. Bc2 Rxf4 17. Rxe6 Nf6 18.
Ree1 Bd7 19. Kg1 Bg4 20. h3 Bh5 21. Ng5 Bg6 22. g3 Bxc2 23. gxf4 Bf5 24. Kh2 h6 25. Ngf3 Kf7 26. Ne5+ Kf8 27. Rad1 Rc8 28. Nb3 a6 29. Nd4 Nxd4 30. Rxd4 Be4 31. Rb4 Rc7 32. Rb6 d4 33. c4 d3 34. Rd6 Bf5 35. b3 b5 36.
Nxd3 bxc4 37. bxc4 Bxd3 38. Rxd3 Rxc4 39. Ra3 Rxf4 40.
Rxa6 Rf2+ 41. Kg3 Rb2 42. Rf1 Kf7 43. Rf2 Rb5 44. Ra7+ Kg6 45. Kg2 h5 46. Re2 Nd5 47. Kh2 Nf4 48. Rf2 Rb4 49. a3 Rc4 50. a4 Kf6 51. Ra6+ Kf5 52. Ra8 g5 53. a5 Rc3 54.
h4 Rh3+ 55. Kg1 Rxh4 56. a6 Kg4 57. Rf1 Kg3 58. a7 Ne2# 0-1

[Event "*** SCC Grand Prix: Titled Tuesday Blitz"]
[Site "Chess.com"]
[Date "2020.06.23"]
[Round "10"]
[White "K-Nygren"]
[Black "CroissantNeuf"]
[Result "1-0"]
[WhiteElo "2537"]
[BlackElo "2388"]
[TimeControl "180+1"]
[EndTime "11:58:14 PDT"]
[Termination "K-Nygren won by resignation"]

1. e4 c6 2. d4 d5 3. e5 Bf5 4. Nc3 e6 5. g4 Bg6 6. Nge2 c5 7. Be3 Nc6 8. h4 h5 9. Nf4 Bh7 10.
Nce2 hxg4 11. Bg2 Nh6 12. c4 dxc4 13. d5 exd5 14. Bxd5 Be7 15. e6 Bf6 16. exf7+ Nxf7 17. Ne6 Qd6 18. Bxc5 Qe5 19. Qa4 Be4 20. Bd4 Qd6 21. Bxe4 Qxe6 22. Bxc6+ Qxc6 23. Qxc6+ bxc6 24. Rc1 Nd6 25.
Bc5 Ne4 26. Rxc4 Nxc5 27. Rxc5 Bxb2 28. Rxc6 O-O 29. O-O Rae8 30. Ng3 Bd4 31. Kg2 Rf3 32. Rd6 Bc5 33. Rd5 Bb6 34. h5 Rc8 35. Nf5 Rc2 36.
Nd4 Bxd4 37. Rd8+ Kh7 38. Rxd4 Ra3 39. Rxg4 Raxa2 40. h6 Kxh6 41. Kg3 Kh7 42. f4 Kg8 43. Kh4 Rc3 44. Kg5 Ra6 45. f5 Rc5 46. Re1 Rf6 47. Rf4 Kf7 48. Rd1 g6 49. Rd7+ Ke8 50.
Kxf6 Kxd7 51. fxg6 Rc6+ 52. Kf7 Rc1 53. g7 Rg1 54.
g8=Q Rxg8 55. Kxg8 a5 56. Ra4 1-0

[Event "*** SCC Grand Prix: Titled Tuesday Blitz"]
[Site "Chess.com"]
[Date "2020.06.23"]
[Round "10"]
[White "vladislavkovalev"]
[Black "Hikaru"]
[Result "1/2-1/2"]
[WhiteElo "2926"]
[BlackElo "3207"]
[TimeControl "180+1"]
[EndTime "11:58:15 PDT"]
[Termination "Game drawn - insufficient material"]

1. e4 e5 2. Nf3 Nc6 3. Bb5 Nf6 4. O-O Nxe4 5. Re1 Nd6 6. Nxe5 Be7 7. Bf1 Nxe5 8. Rxe5 O-O 9. d4 Ne8 10. a4 d5 11. a5 Bd6 12. Re1 c6 13. c3 Bf5 14.
Nd2 Nf6 15. Nf3 Ne4 16. a6 b6 17.
g3 Qc7 18. Bg2 Rae8 19. Nh4 Bc8 20. Be3 Re7 21. Qc2 Rfe8 22. c4 h6 23. cxd5 cxd5 24.
Qxc7 Rxc7 25. Rec1 Ree7 26. Bf1 Rxc1 27. Rxc1 Rc7 28. Rxc7 Bxc7 29. Ng2 g5 30. Ne1 Kf8 31. Nc2 Bd6 32. f3 Nf6 33. Kf2 Ne8 34. h4 f6 35.
hxg5 hxg5 36. f4 g4 37. Bd2 Kf7 38. Ne3 Nc7 39. Bd3 Bxa6 40. Bxa6 Nxa6 41. Nxg4 Nc7 42.
Ne3 a5 43. Kf3 a4 44. g4 b5 45. Nc2 Na6 46. Ne3 Nc7 47. Ba5 b4 48. Bxc7 Bxc7 49. Nxd5 Ba5 50. Ne3 a3 51. bxa3 bxa3 52. Nc2 a2 53.
Ke4 Bc3 54. g5 fxg5 55. fxg5 Kg6 56. d5 Kxg5 57. Kd3 Be5 58. Kc4 Kf6 59. Kb3 a1=Q 60. Nxa1 Bxa1 61. d6 Be5 62. d7 Ke7 63. Kc4 Kd8 64.
Kd5 Kxd7 1/2-1/2